Map: [ESL] Gresvan

Players

NightPhoenix - Winner!

  • Race: Protoss Protoss
  • Spawn Location: 11:00

KingCobra

  • Race: Protoss Protoss
  • Spawn Location: 5:00

Event: ESL SC2 Masters 2023 Summer (Regionals)

VOD

Have the link to the VOD?

Description

Time

  • Played on: May 10, 2023, 9:45 a.m.
  • Length: 10:10

All games in this series

Show
View Real Time Build Order
Export as new Build Order

NightPhoenix Protoss - Winner!

Build Orders: Oracle Opening, Phoenix Opening 

Get SALT Encoding   

  12  0:00  Probe  
  13  0:12  Probe  
  14  0:16  Pylon  
  14  0:24  Probe (Chrono Boost)  
  15  0:36  Gateway  
  15  0:40  Probe (Chrono Boost)  
  16  0:46  Probe (Chrono Boost)  
  16  0:48  Assimilator  
  17  0:55  Probe (Chrono Boost), Assimilator  
  18  1:07  Probe (Chrono Boost)  
  18  1:10  Gateway  
  19  1:14  Probe (Chrono Boost)  
  20  1:21  Probe  
  20  1:24  Cybernetics Core  
  21  1:33  Probe  
  21  1:34  Pylon  
  22  1:45  Probe  
  23  1:57  Probe  
  23  2:00  Stalker  
  23  2:01  Stalker  
  28  2:02  Warp Gate  
  28  2:09  Probe  
  29  2:16  Pylon  
  29  2:22  Pylon  
  29  2:30  Adept  
  29  2:34  Adept  
  33  2:39  Stargate  
  33  3:04  Nexus  
  33  3:16  Probe  
  33  3:19  Pylon  
  34  3:20  Oracle (Chrono Boost)  
  37  3:28  Probe  
  36  3:50  Phoenix (Chrono Boost)  
  36  3:53  Stalker  
  36  3:55  Stalker  
  37  4:10  Phoenix (Chrono Boost)  
  37  4:15  Probe  
  40  4:20  Probe  
  41  4:28  Probe  
  41  4:29  Phoenix (Chrono Boost)  
  44  4:32  Probe  
  44  4:36  Adept x2  
  49  4:38  Shield Battery  
  49  4:40  Probe  
  49  4:45  Probe  
  51  4:52  Probe  
  47  4:55  Phoenix  
  47  4:57  Probe  
  50  5:04  Adept  
  50  5:05  Probe (Chrono Boost)  
  53  5:10  Adept  
  53  5:11  Probe (Chrono Boost)  
  58  5:22  Probe x2 (Chrono Boost)  
  58  5:26  Pylon  
  58  5:27  Probe (Chrono Boost)  
  59  5:28  Probe (Chrono Boost)  
  59  5:33  Pylon  
  58  5:47  Phoenix (Chrono Boost)  
  52  5:51  Probe x2  
  52  6:00  Assimilator  
  52  6:03  Probe x2, Assimilator  
  54  6:09  Phoenix (Chrono Boost)  
  56  6:15  Probe x2  
  56  6:18  Nexus  
  58  6:19  Pylon  
  58  6:23  Stalker x2  
  62  6:28  Phoenix (Chrono Boost)  
  62  6:31  Probe  
  65  6:39  Probe  
  66  6:43  Probe, Pylon  
  67  6:50  Phoenix (Chrono Boost)  
  67  6:51  Probe  
  70  6:55  Probe  
  70  6:56  Twilight Council  
  70  6:57  Gateway  
  71  7:02  Gateway  
  71  7:05  Probe  
  71  7:07  Probe  
  73  7:18  Gateway x2  
  73  7:22  Gateway  
  73  7:24  Blink (Chrono Boost)  
  73  7:26  Probe x2  
  73  7:29  Stalker  
  77  7:37  Stalker  
  77  7:38  Probe (Chrono Boost)  
  77  7:39  Probe (Chrono Boost)  
  77  7:42  Probe (Chrono Boost)  
  82  7:48  Pylon  
  82  7:50  Probe x2 (Chrono Boost)  
  85  7:51  Pylon  
  85  7:52  Probe (Chrono Boost)  
  85  7:55  Probe (Chrono Boost)  
  85  7:57  Stalker  
  88  7:59  Probe, Stalker  
  84  8:11  Stalker x2  
  82  8:15  Probe x2  
  84  8:20  Probe  
  84  8:23  Gateway  
  84  8:26  Stalker x4  
  93  8:29  Stalker  
  95  8:38  Stalker x2  
  99  8:49  Stalker x4  
  99  8:54  Stalker  
  91  9:19  Stalker x8  
  87  9:43  Stalker x7  
  101  9:46  Probe x3  
  101  9:47  Assimilator  
  101  9:48  Stalker  
  101  9:49  Assimilator  
Show
View Real Time Build Order
Export as new Build Order

KingCobra Protoss 

Build Orders: Oracle Opening 

Get SALT Encoding   

  12  0:00  Probe  
  13  0:12  Probe  
  14  0:18  Pylon  
  14  0:24  Probe  
  15  0:37  Gateway  
  15  0:38  Probe (Chrono Boost)  
  16  0:47  Probe (Chrono Boost), Assimilator  
  17  0:52  Probe (Chrono Boost)  
  18  1:02  Pylon  
  18  1:04  Probe (Chrono Boost)  
  18  1:06  Assimilator  
  19  1:14  Probe (Chrono Boost)  
  20  1:19  Probe (Chrono Boost)  
  20  1:25  Cybernetics Core  
  21  1:30  Probe  
  22  1:33  Zealot  
  24  1:42  Probe  
  25  1:55  Probe  
  26  2:04  Stalker (Chrono Boost)  
  26  2:07  Stargate  
  28  2:10  Pylon  
  28  2:25  Stalker (Chrono Boost)  
  28  2:29  Probe  
  31  2:42  Nexus  
  30  2:52  Oracle  
  33  3:01  Pylon  
  33  3:07  Shield Battery  
  33  3:16  Robotics Facility  
  33  3:19  Probe  
  34  3:32  Probe, Oracle  
  38  3:36  Shield Battery  
  36  3:55  Probe (Chrono Boost)  
  37  4:00  Probe (Chrono Boost)  
  38  4:07  Probe (Chrono Boost)  
  38  4:09  Probe (Chrono Boost)  
  38  4:11  Probe (Chrono Boost)  
  38  4:13  Stalker  
  38  4:14  Probe (Chrono Boost)  
  45  4:19  Shield Battery  
  45  4:22  Probe  
  46  4:29  Immortal  
  50  4:32  Probe (Chrono Boost)  
  50  4:36  Phoenix  
  50  4:45  Probe x2 (Chrono Boost)  
  47  4:53  Probe x2 (Chrono Boost)  
  48  5:00  Pylon  
  48  5:01  Phoenix (Chrono Boost)  
  48  5:02  Stargate  
  48  5:04  Probe  
  51  5:08  Probe  
  52  5:16  Probe  
  52  5:18  Assimilator  
  52  5:19  Phoenix (Chrono Boost)  
  52  5:20  Assimilator  
  55  5:24  Probe  
  55  5:25  Forge  
  55  5:28  Probe  
  57  5:35  Pylon, Shield Battery  
  57  5:42  Phoenix  
  56  5:56  Shield Battery  
  52  6:01  Probe x2  
  52  6:02  Shield Battery  
  52  6:03  Phoenix (Chrono Boost)  
  56  6:08  Photon Cannon, Shield Battery  
  56  6:14  Phoenix (Chrono Boost)  
  58  6:22  Photon Cannon  
  58  6:24  Observer  
  58  6:25  Probe x2  
  61  6:31  Phoenix  
  63  6:37  Probe x2  
  64  6:44  Pylon  
  64  6:48  Phoenix  
  64  6:49  Probe x2  
  68  6:55  Pylon  
  68  6:56  Phoenix  
  70  7:02  Probe x2  
  72  7:14  Probe, Nexus  
  73  7:16  Pylon  
  73  7:24  Immortal  
  73  7:25  Probe  
  73  7:26  Probe, Protoss Air Weapons Level 1  
  79  7:34  Robotics Bay, Protoss Ground Weapons Level 1  
  79  7:42  Phoenix  
  81  7:47  Probe x2  
  81  7:49  Shield Battery  
  83  7:51  Shield Battery  
  83  7:53  Photon Cannon  
  83  7:56  Phoenix  
  85  7:59  Probe  
  80  8:14  Phoenix  
  80  8:15  Probe x2, Observer  
  80  8:19  Photon Cannon  
  84  8:20  Shield Battery  
  84  8:21  Phoenix, Pylon  
  84  8:24  Immortal (Chrono Boost)  
  86  8:33  Robotics Facility  
  90  8:35  Pylon  
  90  8:42  Shield Battery  
  90  8:43  Probe  
  90  8:44  Probe  
  92  8:49  Phoenix, Photon Cannon  
  92  8:52  Phoenix  
  92  8:53  Probe  
  97  8:58  Assimilator  
  89  9:15  Immortal (Chrono Boost)  
  82  9:24  Immortal (Chrono Boost)  
  82  9:26  Phoenix x2  
  82  9:43  Pylon  
Tags
 
Add a new tag
Caveats
  • Supply blocks, unpowered buildings, or Contaminate may cause inaccurate times.
  • Supply counts are checked every 10 seconds.